 Dungeon Crawl Stone Soup version 0.30-a0-924-g0ad0bf95bc (webtiles) character file.

Game seed: 12121894501913394684

96 cheesebisquit the Chiller (level 4, -2/30 HPs)
             Began as a Merfolk Ice Elementalist on Mar 23, 2023.
             Slain by a kobold
             ... wielding a +0 whip
              (4 damage)
             ... on level 2 of the Dungeon.
             The game lasted 00:05:36 (1259 turns).

cheesebisquit the Chiller (MfIE)                    Turns: 1259, Time: 00:05:36

Health: -2/30      AC:  3    Str:  6 (8)  XL:     4   Next: 67%
Magic:  1/8        EV: 12    Int: 13 (16) God:
Gold:   87         SH:  0    Dex: 12 (14) Spells: 7/8 levels left

rFire   . . .      SeeInvis .    c - +1 mace
rCold   . . .      Faith    .    (no shield)
rNeg    . . .      Spirit   .    a - +0 robe
rPois   .          Reflect  .    d - +1 hat
rElec   .          Rampage  .    (no cloak)
rCorr   .                        (no gloves)
Will    .....                    (no boots)
Stlth   ++                       (no amulet)
HPRegen 0.25/turn                (no ring)
MPRegen 0.11/turn                (no ring)

@: no status effects
A: (nimble swimmer 2), mertail, sense surroundings 1, MP-powered wands
a: no special abilities


You were on level 2 of the Dungeon.
You visited 1 branch of the dungeon, and saw 2 of its levels.

You collected 87 gold pieces.

Inventory:

Hand Weapons
 c - a +1 mace (weapon)
Missiles
 g - 5 poisoned darts
Armour
 a - a +0 robe (worn)
 d - a +1 hat (worn)
Scrolls
 f - 2 scrolls of identify
 h - a scroll of silence {unknown}
 i - 2 scrolls of enchant weapon
 k - a scroll of teleportation {unknown}
 l - a scroll of enchant armour {unknown}
 m - a scroll of amnesia {unknown}
 n - a scroll of fear {unknown}


   Skills:
 - Level 2.6 Dodging
 - Level 2.1 Stealth
 + Level 2.9 Spellcasting
 * Level 5.9 Ice Magic


You had 7 spell levels left.
You knew the following spells:

 Your Spells              Type           Power      Damage    Failure   Level
a - Freeze                Ice            68%        1d8       1%          1

Your spell library contained the following spells:

 Spells                   Type           Power      Damage    Failure   Level
 Frozen Ramparts          Ice            34%        1d6       6%          3
 Ozocubu's Armour         Ice            17%        N/A       6%          3
 Summon Ice Beast         Ice/Summ       9%         N/A       56%         4
 Passage of Golubria      Tloc           1%         N/A       93%         4
 Silence                  Hex/Air        0%         N/A       100%        5
 Lehudib's Crystal Spear  Conj/Erth      0%         10d2      100%        8


Dungeon Overview and Level Annotations

Branches:
Dungeon (2/15)

Altars:

Annotations:
D:2 Natasha


Innate Abilities, Weirdness & Mutations

((You are very nimble when in or above water. (Stealth+, EV+, Speed+++)))
Your lower body shifts to a powerful aquatic tail in water.
You passively map a small area around you.
You expend magic power (3 MP) to strengthen your wands.


Message History

The ball python bites you but does no damage.
The ball python closely misses you. Something barely misses you.
The ball python bites you but does no damage.
The ball python barely misses you.
You are too injured to fight recklessly!
Aiming: Freeze (safe; 1% risk of failure)
Press: ? - help, Q - select action, (/) - cycle Shift-Dir - straight line, f - ball python
Aim: a ball python You freeze the ball python.
You kill the ball python!
Something hits you but does no damage.
You miss something. Something hits you. x2
* * * LOW HITPOINT WARNING * * *
You barely miss something. Something barely misses you.
Natasha hisses angrily.
It was a potion of mutation.
You feel extremely strange.
You feel a strange attunement to the structure of the dungeons.
You feel your magical essence link to the dungeon's wands.
Natasha claws you.
* * * LOW HITPOINT WARNING * * *
Something hits you but does no damage.
It was a potion of degeneration.
There was something very wrong with that liquid.
You feel weakened.
You feel dopey.
You feel clumsy. Natasha misses you. Something hits you.
* * * LOW HITPOINT WARNING * * *
As you read the scroll labelled SUYMMI ALUOPPE, it crumbles to dust.
It is a scroll of identify.
Really abort (and waste the scroll)?
Okay, then.
Natasha misses you. Something hits you.
* * * LOW HITPOINT WARNING * * *
As you read the scroll labelled YBYOPSEEZI, it crumbles to dust.
It is a scroll of enchant weapon.
Your +0 mace glows red for a moment.
Natasha completely misses you. Something hits you but does no damage.
As you read the scroll labelled REAGHI LOLAQO, it crumbles to dust.
Wisps of shadow whirl around you...
It was a scroll of summoning.
Natasha closely misses you. Something hits you.
You die...

#.# #.......# #.#
####.####.......# #.#
#.......#.......# #.#
#..#.##.####.#### ##.#
#..#.##.####.### #..#
#..#...........### #.##
#.......######...## #.#
#.....###.B..###..# #.#
#.....#r@{.....##.## #.#
##
##....rh###†....#..###.#
#.####....J##
..##.##...<.##
#.........# ,,!..#
#..#.... ###.#......#
#?.# #.......
.#......#..# ).#
#..#...#
##.##.#.....#..#,, ,..#
#..#....
[..##.#.....##h# , .##
##..#....
#####.#..>...#..
#........


You could see Natasha (ally target), a friendly endoplasm (summoned), a friendly
quokka (summoned, wandering), a friendly giant cockroach (summoned) and a
friendly rat (summoned, wandering).

Vanquished Creatures
  Jessica (D:2)
  4 adders (D:2)
  2 worms
  A dart slug (D:2)
  2 bats
  An endoplasm (D:1)
  A goblin (D:2)
  4 hobgoblins
  2 kobolds
  A quokka (D:1)
  6 ball pythons
  2 frilled lizards
  2 rats
29 creatures vanquished.

Notes
Turn   | Place    | Note
-------+----------+-------------------------------------------
     0 | D:1      | cheesebisquit the Merfolk Ice Elementalist began the quest
                  | for the Orb.
     0 | D:1      | Reached XP level 1. HP: 13/13 MP: 3/3
   184 | D:1      | Reached XP level 2. HP: 19/19 MP: 3/5
   546 | D:2      | Noticed Natasha
   603 | D:2      | Noticed Jessica
   609 | D:2      | Killed Jessica
   610 | D:2      | Reached skill level 5 in Ice Magic
   610 | D:2      | Reached XP level 3. HP: 21/24 MP: 2/6
   650 | D:2      | Found a faded altar of an unknown god.
   696 | D:2      | Reached XP level 4. HP: 20/30 MP: 2/8
  1255 | D:2      | Gained mutation: You passively map a small area around you.
                  | [potion of mutation]
  1255 | D:2      | Gained mutation: You expend magic power (3 MP) to
                  | strengthen your wands. [potion of mutation]
  1259 | D:2      | Slain by a kobold

Illustrated notes

Levels and vault maps discovered:
D:1:      zaba_arrival_water, layout_rooms
D:2:      layout_loops_cross, basic_ecumenical_altar, eino_tiny_chamber,
          minmay_randomly_rotated_circles, uniq_jessica,
          uniq_crazy_yiuf_cottage, uniq_natasha

Skill      XL: |  1  2 |
---------------+-------+-----
Ice Magic      | 5 |  5.9
Dodging        | |  2.6
Stealth        | |  2.1
Spellcasting   | |  2.9

Action                     |  1- 3 |  4- 6 || total
---------------------------+-------+-------++-------
  Melee: Mace              |     5 |     7 ||    12
         Unarmed           |     1 |       ||     1
   Cast: Freeze            |    31 |    26 ||    57
    Use: Potion            |     1 |     2 ||     3
         Scroll            |       |     3 ||     3
 Armour: Robe              |     3 |    12 ||    15
  Dodge: Dodged            |    20 |    26 ||    46

Table legend: (Time is in decaauts)
 A = Elapsed time spent in this place.
 B = Non-inter-level travel time spent in this place.
 C = Inter-level travel time spent in this place.
 D = Time resting spent in this place.
 E = Time spent auto-exploring this place.
 F = Levels seen in this place.
 G = Mean time per level.
                   A        B        C        D        E       F      G
               +--------+--------+--------+--------+--------+-----+--------+
         Total |   1259 |   1230 |     29 |     37 |    989 |   2 |  629.5 |
       Dungeon |   1259 |   1230 |     29 |     37 |    989 |   2 |  629.5 |
               +--------+--------+--------+--------+--------+-----+--------+

Top non-repeatable levels by time:
     D:2: 661 daAuts
     D:1: 597 daAuts
